cohdb
Replays
Latest Replays
All Replays
Popular Replays
Top Player Replays
Match Explorer
How It Works
Community
CoH3 Stats
Reddit
Sign in to upload your games and track your stats! →
Sign in with Steam
Match 40435681
Unlisted
Match 40435681
Overview
Messages
Build Orders
End
Engineer Squad
Construct Weapon Support Center
Selects Heavy Weapons
M1919 Machine Gun Team
Bazooka Squad
Construct Barracks
Riflemen Squad
Construct Medical Station
Selects M2HB .50cal Heavy Machine Gun
Riflemen Squad
Mechanized Support Center
Selects Assault Carriers
Grenade Package
M3 Assault Carrier
Bazooka Squad
.Mercury-uK
/人◕ ‿‿ ◕人\
BERKSHIRE10
Minboycrash_6464
Dr. Anubis
使命召唤
amfriendly
Aprosarmosto
0
0
Comments
sign in to comment!
No comments posted yet!